 Dungeon Crawl Stone Soup version 0.18.1-8-gdd0e5ea (webtiles) character file.

3413 Ronzu the Cudgeler (level 9, -4/72 HPs)
             Began as a Demonspawn Berserker on June 2, 2016.
             Was a High Priest of Trog.
             Killed by Freeze
             ... invoked by Raiden350's ghost
              (21 damage)
             ... on level 7 of the Dungeon.
             The game lasted 00:40:35 (7193 turns).

Ronzu the Cudgeler (Demonspawn Berserker)           Turns: 7193, Time: 00:40:35

Health: -4/72      AC: 17    Str: 25    XL:     9   Next: 76%
Magic:  9/9        EV: 17    Int: 10    God:    Trog [*****.]
Gold:   173        SH:  0    Dex: 17    Spells: 0 memorised, 8 levels left

rFire  . . .     SeeInvis .     q - +6 dire flail
rCold  . . .     Gourm    .     s - +0 chain mail
rNeg   + . .     Faith    .     (shield currently unavailable)
rPois  +         Spirit   .     (no helmet)
rElec  .         Dismiss  .     d - +2 cloak
rCorr  .         Reflect  .     (no gloves)
SustAt .         Harm     .     y - +0 pair of boots
MR     .....                    g - amulet of rage
Stlth  ..........               o - ring of poison resistance
                                D - ring of positive energy

@: mighty, agile, exhausted, slowed, drained, very slow, not resistant to
hostile enchantments, extremely unstealthy
A: talons 1, thin metallic scales 2, powered by pain 1, evolution 1
a: Berserk, Trog's Hand, Brothers in Arms, Burn Spellbooks, Renounce Religion,
Evoke Berserk Rage


You were on level 7 of the Dungeon.
You worshipped Trog.
Trog was extremely pleased with you.
You were hungry.

You visited 1 branch of the dungeon, and saw 7 of its levels.
You also visited: Ossuary.

You collected 270 gold pieces.
You spent 97 gold pieces at shops.

Inventory:

Hand Weapons
 q - a +6 dire flail (weapon)
Missiles
 e - 2 curare-tipped needles
 j - 103 arrows
Armour
 d - a +2 cloak (worn)
 s - a +0 chain mail (worn)
 y - a +0 pair of boots (worn)
Jewellery
 g - an amulet of rage (around neck)
 n - an uncursed ring of fire
 o - a ring of poison resistance (right hand)
 D - a ring of positive energy (left hand)
Scrolls
 p - 6 scrolls of identify
 u - 2 scrolls of teleportation
 v - a scroll of fear
 A - a scroll of magic mapping
 C - a scroll of recharging
Potions
 b - a potion of invisibility
 i - 2 potions of haste
 m - a potion of berserk rage
 t - a potion of curing
 w - 2 potions of might
Comestibles
 a - 2 chunks of flesh
 c - 7 bread rations
 f - 2 slices of pizza
 h - 7 fruits
 l - 3 beef jerkies


   Skills:
 + Level 7.1(6.5) Fighting
 + Level 7.5(6.9) Maces & Flails
 + Level 6.7(6.1) Armour
 + Level 6.2(5.6) Dodging
 + Level 0.8(0.2) Stealth


You had 8 spell levels left.
You didn't know any spells.

Dungeon Overview and Level Annotations

Branches:
Dungeon (7/15)             Temple (0/1) D:7

Altars:
Nemelex Xobeh

Shops:
D:6 ?

Annotations:
D:7 Raiden350's ghost, novice DrIE


Innate Abilities, Weirdness & Mutations

You have sharp toenails.
You are mostly covered in thin metallic scales (AC +3).
You sometimes gain a little power by taking damage.
You evolve.


Message History

Raiden350's ghost is moderately damaged.
You bludgeon Raiden350's ghost!!
Raiden350's ghost is severely damaged.
Raiden350's ghost completely misses you.
You bludgeon Raiden350's ghost!!
Raiden350's ghost is almost destroyed.
You are no longer berserk.
You are exhausted.
You feel yourself slow down.
You are feeling hungry.
Raiden350's ghost closely misses you.
You feel better.
Raiden350's ghost points at you and mumbles some strange words.
The shard of ice hits you!
* * * LOW HITPOINT WARNING * * *
You closely miss Raiden350's ghost.
Raiden350's ghost is almost destroyed.
Raiden350's ghost points at you and mumbles some strange words.
You are frozen.
You die...

........)..)))........#
............#.........#
....###.###.#.........# ###
##.##.....#.#.........####..#
##.##.###.#.##########......#
......# #....#########......#
......####.........)........####
.._........##...#....#..........
...........####.@W##........###
...........# ##..###.....####
#..........#####...######....####
#................#...).#####(...#
#.............########.. ####..
...........##...###### ......##
#..........####......## #####.#
..........>#########..########.##
#..........#...# ##............


You could see Raiden350's ghost.

Vanquished Creatures
  The ghost of Vorrek the Shield-Bearer, an amateur GrFi (D:3)
  2 ice beasts
  2 black bears
  2 ogres
  3 centaurs
  Blork the orc (D:6)
  3 giant frogs
  A jelly (D:5)
  13 scorpions
  3 howler monkeys
  4 wights (D:6)
  A crimson imp (D:5)
  3 human zombies (Ossuary)
  A quasit (D:7)
  Crazy Yiuf (D:2)
  A giant frog skeleton (D:4)
  3 hounds
  12 orc wizards
  5 orc priests
  2 iguanas
  Natasha (thrice) (D:4)
  5 worker ants
  3 mummies (Ossuary)
  A worker ant zombie (D:5)
  5 adders
  3 gnolls (D:6)
  3 scorpion zombies (Ossuary)
  A shadow imp (D:6)
  2 oozes (D:4)
  An adder skeleton (D:5)
  A worm (D:2)
  A dart slug (D:2)
  5 giant geckos
  16 orcs
  6 bats
  2 giant cockroaches
  A gnoll zombie (Ossuary)
  10 goblins
  7 hobgoblins
  11 jackals
  5 kobolds
  5 quokkas
  3 ball pythons
  A giant gecko skeleton (D:4)
  10 giant newts
  3 goblin zombies
  A hobgoblin zombie (Ossuary)
  2 jackal skeletons
  6 kobold zombies (Ossuary)
  2 orc zombies (Ossuary)
  A quokka zombie (D:6)
  4 rats
  A bush (D:1)
  2 plants (D:1)
197 creatures vanquished.

Notes
Turn   | Place    | Note
--------------------------------------------------------------
     0 | D:1      | Ronzu the Demonspawn Berserker began the quest for the Orb.
     0 | D:1      | Reached XP level 1. HP: 18/18 MP: 1/1
   450 | D:1      | Gained mutation: You have sharp toenails. [demonic ancestry]
   450 | D:1      | Reached XP level 2. HP: 23/24 MP: 2/2
   967 | D:2      | Reached ** piety under Trog
   975 | D:2      | Gained mutation: You are partially covered in thin metallic scales (AC +2). [demonic ancestry]
   975 | D:2      | Reached XP level 3. HP: 28/29 MP: 3/3
  1159 | D:2      | Found a sparkling altar of Nemelex Xobeh.
  1283 | D:2      | Noticed Crazy Yiuf
  1294 | D:2      | Killed Crazy Yiuf
  1294 | D:2      | Reached XP level 4. HP: 21/35 MP: 4/4
  2129 | D:3      | Gained mutation: You are mostly covered in thin metallic scales (AC +3). [demonic ancestry]
  2129 | D:3      | Reached XP level 5. HP: 42/42 MP: 5/5
  2142 | D:3      | Reached *** piety under Trog
  2142 | D:3      | Received a gift from Trog
  2308 | D:3      | Noticed Vorrek's ghost (amateur GrFi)
  2316 | D:3      | Killed Vorrek's ghost
  2316 | D:3      | Gained mutation: You sometimes gain a little power by taking damage. [demonic ancestry]
  2316 | D:3      | Reached XP level 6. HP: 48/48 MP: 6/6
  3375 | D:4      | Reached XP level 7. HP: 55/55 MP: 7/7
  3978 | D:4      | Noticed Natasha
  3984 | D:4      | Killed Natasha
  4053 | D:4      | Reached **** piety under Trog
  4053 | D:4      | Reached skill level 5 in Maces & Flails
  4180 | D:4      | Noticed Natasha
  4190 | D:4      | Killed Natasha
  4348 | D:4      | Noticed Natasha
  4353 | D:4      | Killed Natasha
  4353 | D:4      | Reached skill level 5 in Fighting
  4401 | D:5      | Entered Level 5 of the Dungeon
  4432 | D:5      | Reached XP level 8. HP: 62/62 MP: 8/8
  4663 | D:5      | Reached skill level 5 in Dodging
  5352 | D:5      | Reached skill level 5 in Armour
  5530 | D:6      | Found a sand-covered staircase.
  5530 | D:6      | Noticed Blork the orc
  5536 | D:6      | Killed Blork the orc
  5540 | D:6      | Reached XP level 9. HP: 69/69 MP: 9/9
  5570 | Ossuary  | Entered an ossuary
  5978 | Ossuary  | Reached ***** piety under Trog
  6241 | D:6      | Found Loci's Magic Scroll Emporium.
  6457 | D:6      | Bought a scroll of enchant weapon for 97 gold pieces
  6742 | D:7      | Found a staircase to the Ecumenical Temple.
  6827 | D:7      | Found a sparkling altar of Nemelex Xobeh.
  7041 | D:7      | Gained mutation: You evolve. [potion of beneficial mutation]
  7174 | D:7      | Noticed Raiden350's ghost (novice DrIE)
  7193 | D:7      | Killed from afar by Raiden350's ghost

Skill      XL: |  1  2  3  4  5  6  7  8  9 |
---------------+----------------------------+-----
Maces & Flails | 3 4 5 6 7 |  7.5
Dodging        | 2 3 4 5 6 |  6.2
Armour         | 2 3 4 5 6 |  6.7
Fighting       | 4 5 6 7 |  7.1
Stealth        | |  0.8

Action                   |  1- 3 |  4- 6 |  7- 9 || total
-------------------------+-------+-------+-------++-------
Melee: Mace              |   336 |    72 |   261 ||   669
       Kick              |    12 |    32 |   123 ||   167
       Flail             |       |    80 |       ||    80
       Dire flail        |       |       |   251 ||   251
Invok: Berserk           |     1 |     3 |     9 ||    13
       Burn Spellbooks   |       |       |     1 ||     1
       Trog's Hand       |       |       |     1 ||     1
  Use: Scroll            |     5 |     3 |    12 ||    20
       Potion            |     5 |     3 |     7 ||    15
  Eat: Chunk             |     3 |     9 |    14 ||    26
       Meat ration       |       |       |     2 ||     2
Armor: Animal skin       |    17 |       |       ||    17
       Scale mail        |    29 |    51 |       ||    80
       Chain mail        |       |    72 |   382 ||   454
Dodge: Dodged            |    56 |    56 |   303 ||   415
